 Dungeon Crawl Stone Soup version 0.29-a0-338-g1ff7896281 (webtiles) character file.

Game seed: 4618975382869681143

109 spaghetti the Vandal (level 4, 29/40 HPs)
             Began as a Deep Dwarf Hunter on Apr 18, 2022.
             Quit the game on level 3 of the Dungeon.
             The game lasted 00:02:51 (1787 turns).

spaghetti the Vandal (Deep Dwarf Hunter)            Turns: 1787, Time: 00:02:52

Health: 29/40      AC:  3    Str: 14    XL:     4   Next: 60%
Magic:  3/3        EV: 13    Int:  8    God:
Gold:   63         SH:  0    Dex: 16    Spells: 3/3 levels left

rFire   . . .      SeeInvis .   a - +1 hunting sling {sling}
rCold   . . .      Faith    .   (no shield)
rNeg    . . .      Spirit   .   b - +0 leather armour
rPois   .          Reflect  .   (no helmet)
rElec   .          Harm     .   (no cloak)
rCorr   .          Rampage  .   (no gloves)
Will    .....                   (no boots)
Stlth   ++........              m - amulet of the acrobat
HPRegen 0.00/turn               (no ring)
MPRegen 0.08/turn               (no ring)

@: no status effects
A: damage resistance, heal wounds, sense surroundings 1, no regeneration, clumsy
1, dopey 1
a: Heal Wounds


You were on level 3 of the Dungeon.
You visited 1 branch of the dungeon, and saw 3 of its levels.

You collected 63 gold pieces.


Innate Abilities, Weirdness & Mutations

You are resistant to damage.
You can heal yourself by infusing magical energy.
You passively map a small area around you.
You do not regenerate.
You are clumsy. (Dex -2)
You are dopey. (Int -2)


   Skills:
 + Level 2.4 Fighting
 + Level 4.8 Slings
 * Level 3.5 Dodging
 * Level 3.4 Stealth


You had 3 spell levels left.
You didn't know any spells.
Your spell library contained the following spells:

 Spells                   Type           Power      Damage    Failure   Level
 Foxfire                  Conj/Fire      0%         2x1d4     50%         1
 Conjure Flame            Conj/Fire      0%         6-21      86%         3
 Inner Flame              Hex/Fire       0%         N/A       86%         3
 Flame Wave               Conj/Fire      0%         2d4       99%         4
 Passage of Golubria      Tloc           0%         N/A       99%         4
 Silence                  Hex/Air        0%         N/A       100%        5
 Lehudib's Crystal Spear  Conj/Erth      0%         10d2      100%        8

Inventory:

Hand Weapons
 a - a +1 hunting sling (weapon) {sling}
Missiles
 i - 63 stones {throwing}
 j - 3 poisoned darts {throwing}
Armour
 b - a +0 leather armour (worn)
Jewellery
 e - a ring of positive energy
   (You found it on level 2 of the Dungeon)
 g - a ring of ice
   (You found it on level 3 of the Dungeon)
 m - an amulet of the acrobat (around neck)
   (You found it on level 1 of the Dungeon)
Scrolls
 c - a scroll of immolation {!r!r}
 d - a scroll of torment {unknown}
 h - 2 scrolls of identify {unknown}
 k - a scroll of teleportation {unknown}
 l - a scroll of noise {unknown}
 n - a scroll of fear {unknown}
Potions
 f - 2 potions of curing {@q1}

Dungeon Overview and Level Annotations

Branches:
Dungeon (3/15)

Altars:

, * #.## ** #.......#
#.#.## ######.##
###....###########...###
+..................>....
, ,
##.........#######...###
#......###.# #...## *
#......# #.# #.### *
#......###.# #.# *
##...#.@...# #.#
#######.### #.# * *.#
#.# * * * )# #.# , .#
#.# ,, , * ## * , , , *
* ,


There were no monsters in sight!


Message History

You climb downwards.
There is a stone staircase leading up here.
A kobold is nearby!
Unknown command.
Unknown command.
A kobold is nearby!
Fire: a) +1 hunting sling {sling}
Press: ? - help, Q - select action, (/) - cycle Shift-Dir - straight line, f - kobold
Aim: a kobold, wielding a +0 short sword (asleep, 98% to hit)
You shoot a sling bullet. The sling bullet hits the kobold.
The kobold shouts!
Fire: a) +1 hunting sling {sling}
Press: ? - help, Q - select action, (/) - cycle Shift-Dir - straight line, f/p - kobold
Aim: a kobold, wielding a +0 short sword (severely wounded, 55% to hit)
You shoot a sling bullet. The sling bullet misses the kobold.
Fire: a) +1 hunting sling {sling}
Press: ? - help, Q - select action, (/) - cycle Shift-Dir - straight line, f/p - kobold
Aim: a kobold, wielding a +0 short sword (severely wounded, 55% to hit)
You shoot a sling bullet.
The sling bullet barely misses the kobold.
Fire: a) +1 hunting sling {sling}
Press: ? - help, Q - select action, (/) - cycle Shift-Dir - straight line, f/p - kobold
Aim: a kobold, wielding a +0 short sword (severely wounded, 55% to hit)
You shoot a sling bullet.
The sling bullet closely misses the kobold.
The kobold misses you.
Fire: a) +1 hunting sling {sling}
Press: ? - help, Q - select action, (/) - cycle Shift-Dir - straight line, f/p - kobold
Aim: a kobold, wielding a +0 short sword (severely wounded, 55% to hit)
You shoot a sling bullet.
The sling bullet hits the kobold but does no damage.
The kobold closely misses you.
Fire: a) +1 hunting sling {sling}
Press: ? - help, Q - select action, (/) - cycle Shift-Dir - straight line, f/p - kobold
Aim: a kobold, wielding a +0 short sword (severely wounded, 55% to hit)
You shoot a sling bullet. The sling bullet hits the kobold!
You kill the kobold!
A shadow imp comes into view.
The shadow imp shouts, "Begone, thou horrid spleeny baggage!"
A shadow imp is nearby!
A shadow imp is nearby!
A shadow imp is nearby!
Fire: a) +1 hunting sling {sling}
Press: ? - help, Q - select action, (/) - cycle Shift-Dir - straight line, f - shadow imp
Aim: a shadow imp (58% to hit)
You shoot a sling bullet. The sling bullet hits the shadow imp.
The shadow imp gestures at you.
You struggle to resist.
Fire: a) +1 hunting sling {sling}
Press: ? - help, Q - select action, (/) - cycle Shift-Dir - straight line, f/p - shadow imp
Aim: a shadow imp (heavily wounded, 58% to hit)
You shoot a sling bullet.
The sling bullet barely misses the shadow imp.
The shadow imp gestures at you. Pain shoots through your body!
* * * LOW HITPOINT WARNING * * *
😨 HP[-4]
You take 4 damage, and now have 12/40 hp.
Fire: a) +1 hunting sling {sling}
Press: ? - help, Q - select action, (/) - cycle Shift-Dir - straight line, f/p - shadow imp
Aim: a shadow imp (heavily wounded, 58% to hit)
You shoot a sling bullet. The sling bullet hits the shadow imp.
Fire: a) +1 hunting sling {sling}
Press: ? - help, Q - select action, (/) - cycle Shift-Dir - straight line, f/p - shadow imp
Aim: a shadow imp (almost dead, 58% to hit)
You shoot a sling bullet. The sling bullet hits the shadow imp.
You kill the shadow imp!
i - 52 stones {throwing} (gained 11) Key pressed, stopping explore.
h - 2 scrolls labelled AFRUHEFUME (gained 1)
You open the door.
There is an open door here.
Key pressed, stopping explore.
Found a stone staircase leading up.
You fail to use your ability.
Your magical essence is drained by the effort!
You feel much better. 😮 HP[+17] MP[-1]
You regained 17 hp, and now have 29/40 hp.
g - a ring of ice You see here a +0 short sword {short}.
There is a stone staircase leading up here.
Key pressed, stopping explore.
Found a stone staircase leading down.
i - 63 stones {throwing} (gained 11)
There is a stone staircase leading down here.
A kobold comes into view.
It is wielding a +0 dagger and quivering poisoned darts.
Okay, then.
A kobold is nearby!
Fire: a) +1 hunting sling {sling}
Press: ? - help, Q - select action, (/) - cycle Shift-Dir - straight line, f - kobold
Aim: a kobold, wielding a +0 dagger and quivering poisoned darts (asleep, 98% to hit)
You shoot a sling bullet. The sling bullet hits the kobold.
You kill the kobold!
Are you sure you want to abandon this character and quit the game? (Confirm with "yes".)
Okay, then.
Unknown command.
Unknown command.
Unknown command.
Are you sure you want to abandon this character and quit the game? (Confirm with "yes".)

Skill      XL: |  1  2  3 |
---------------+----------+-----
Fighting       | 2 |  2.4
Stealth        | 2 3 |  3.4
Dodging        | 3 |  3.5
Slings         | |  4.8

Action                   |  1- 3 |  4- 6 || total
-------------------------+-------+-------++-------
 Fire: Hunting sling     |    98 |    29 ||   127
 Abil: Heal Wounds       |       |     1 ||     1
  Use: Potion            |     5 |       ||     5
Armor: Leather armour    |    11 |     6 ||    17
Dodge: Dodged            |    34 |     8 ||    42

Levels and vault maps discovered:
D:1:      wander_arrival_estate, layout_loops_cross, minmay_tromino_v7
D:2:      layout_basic, uniq_natasha
D:3:      layout_loops_corners

Notes
Turn   | Place    | Note
-------+----------+-------------------------------------------
     0 | D:1      | spaghetti the Deep Dwarf Hunter began the quest for the
                  | Orb.
     0 | D:1      | Reached XP level 1. HP: 19/19 MP: 1/1
     0 | D:1      | magus.rc [v1.9.6]
   152 | D:1      | Reached XP level 2. HP: 26/26 MP: 2/2
   190 | D:1      | Reached skill level 2 in Fighting
   401 | D:1      | Reached skill level 2 in Stealth
   525 | D:1      | You pick up a book of the Moon and begin reading...
   525 | D:1      | You add the spells Passage of Golubria, Silence and
                  | Lehudib's Crystal Spear to your library.
   758 | D:2      | Reached XP level 3. HP: 29/32 MP: 3/3
   918 | D:2      | Noticed Natasha
   925 | D:2      | Killed Natasha
   926 | D:2      | Reached skill level 3 in Dodging
  1205 | D:2      | Gained mutation: You are clumsy. (Dex -2) [potion of
                  | mutation]
  1205 | D:2      | Gained mutation: You are dopey. (Int -2) [potion of
                  | mutation]
  1265 | D:2      | Noticed Natasha
  1270 | D:2      | Killed Natasha
  1271 | D:2      | Reached skill level 3 in Stealth
  1271 | D:2      | Reached XP level 4. HP: 16/40 MP: 4/4
  1290 | D:2      | You pick up a book of Flames and begin reading...
  1290 | D:2      | You add the spells Foxfire, Conjure Flame, Inner Flame and
                  | Flame Wave to your library.
  1787 | D:3      | Quit the game

Vanquished Creatures
  Natasha (twice) (D:2)
  An adder (D:2)
  A shadow imp (D:3)
  A worm (D:2)
  4 bats
  6 endoplasms
  3 goblins (D:1)
  2 hobgoblins
  6 jackals (D:2)
  2 quokkas (D:1)
  A ball python (D:1)
  3 frilled lizards
  6 kobolds
  A rat (D:1)
39 creatures vanquished.

Table legend:
 A = Non-vault XP
 B = Vault XP
 C = Vault XP percentage of total XP
 D = Non-vault monster count
 E = Vault monster count
 F = Vault count percentage of total count
                 A         B        C        D         E       F
            +---------+---------+-------+---------+---------+-------
      Total |     119 |      38 |  24.2 |      36 |       3 |   7.7
            +---------+---------+-------+---------+---------+-------
        D:1 |      32 |       3 |   8.6 |      20 |       2 |   9.1
        D:2 |      74 |      35 |  32.1 |      13 |       1 |   7.1
        D:3 |      13 |       0 |   0.0 |       3 |       0 |   0.0
            +---------+---------+-------+---------+---------+-------

Illustrated notes

Table legend:
 A = Kills in this place as a percentage of kills in entire the game.
 B = Kills by you in this place as a percentage of kills by you in the entire game.
 C = Kills by friends in this place as a percentage of kills by friends in the entire game.
 D = Other kills in this place as a percentage of other kills in the entire game.
 E = Experience gained in this place as a percentage of experience gained in the entire game.
 F = Experience gained in this place divided by the number of levels of this place that you have seen.
                   A       B       C       D       E      F
               +-------+-------+-------+-------+-------+----------------------
         Total | 100.0 | 100.0 |   N/A |   N/A | 100.0 |  52.3
       Dungeon | 100.0 | 100.0 |   N/A |   N/A | 100.0 |  52.3
               +-------+-------+-------+-------+-------+----------------------

Table legend: (Time is in decaauts)
 A = Elapsed time spent in this place.
 B = Non-inter-level travel time spent in this place.
 C = Inter-level travel time spent in this place.
 D = Time resting spent in this place.
 E = Time spent auto-exploring this place.
 F = Levels seen in this place.
 G = Mean time per level.
                   A        B        C        D        E       F      G
               +--------+--------+--------+--------+--------+-----+--------+
         Total |   1813 |   1743 |     70 |     84 |   1402 |   3 |  604.3 |
       Dungeon |   1813 |   1743 |     70 |     84 |   1402 |   3 |  604.3 |
               +--------+--------+--------+--------+--------+-----+--------+

Top non-repeatable levels by time:
     D:2: 1002 daAuts
     D:1: 642 daAuts
     D:3: 168 daAuts
